 Dungeon Crawl Stone Soup version 0.29.1-15-g9cfb28693d (webtiles) character file.

Game seed: 2767353402440810575

7 Heoruswealwe the Caller (level 1, -1/10 HPs)
             Began as a Deep Elf Summoner on Feb 28, 2023.
             Was a Follower of Trog.
             Slain by a frilled lizard (3 damage)
             ... on level 1 of the Dungeon.
             The game lasted 00:04:00 (284 turns).

Heoruswealwe the Caller (Deep Elf Summoner)          Turns: 284, Time: 00:04:01

Health: -1/10      AC:  3    Str:  5    XL:     1   Next: 91%
Magic:  6/6        EV: 12    Int: 19    God:    Trog [*.....]
Gold:   10         SH:  0    Dex: 15    Spells: 5/6 levels left

rFire   . . .      SeeInvis .   e - +0 dagger
rCold   . . .      Faith    .   (no shield)
rNeg    . . .      Spirit   .   a - +0 robe
rPois   .          Reflect  .   c - +0 helmet
rElec   .          Harm     .   (no cloak)
rCorr   .          Rampage  .   (no gloves)
Will    .....                   (no boots)
Stlth   ++........              (no amulet)
HPRegen 0.03/turn               (no ring)
MPRegen 0.10/turn               (no ring)

@: no status effects
A: no striking features
a: Renounce Religion, Berserk


You were on level 1 of the Dungeon.
You worshipped Trog.
Trog was aware of your devotion.
You visited 1 branch of the dungeon, and saw 1 of its levels.

You collected 10 gold pieces.

Inventory:

Hand Weapons
 e - a +0 dagger (weapon)
 g - a +0 dagger
Armour
 a - a +0 robe (worn)
 c - a +0 helmet (worn)
Scrolls
 f - a scroll of teleportation
 h - a scroll of noise
Potions
 b - a potion of magic
 d - 2 potions of might {unknown}


   Skills:
 + Level 0.1 Fighting
 + Level 0.2 Short Blades
 - Level 2.4 Dodging
 - Level 2.4 Stealth
 - Level 3.3 Spellcasting
 - Level 4.6 Summonings


You had 5 spell levels left.
You knew the following spells:

 Your Spells              Type           Power      Damage    Failure   Level
a - Summon Small Mammal   Summ           80%        N/A       2%          1

Your spell library contained the following spells:

 Spells                   Type           Power      Damage    Failure   Level
 Call Imp                 Summ           20%        N/A       3%          2
 Call Canine Familiar     Summ           20%        N/A       7%          3
 Summon Guardian Golem    Hex/Summ       11%        N/A       17%         3
 Summon Lightning Spire   Summ/Air       11%        N/A       50%         4


Dungeon Overview and Level Annotations

Branches:
Dungeon (1/15)

Altars:
Trog

Shops:
D:1 *


Message History

You hit the goblin.
The goblin is severely wounded.
The goblin barely misses you.
You hit the goblin but do no damage.
The goblin is severely wounded.
The goblin hits you with a +0 dagger.
You barely miss the goblin.
The goblin is severely wounded.
The goblin closely misses you.
You barely miss the goblin.
The goblin is severely wounded.
The goblin barely misses you.
Your unstable footing causes you to fumble your attack.
The goblin hits you with a +0 dagger.
* * * LOW HITPOINT WARNING * * *
Your unstable footing causes you to fumble your attack.
The goblin hits you but does no damage.
You hit the goblin.
You kill the goblin!
Trog accepts your kill.
You need to enable at least one skill for training.
Things that are here:
a +0 dagger; a goblin corpse
Things that are here:
a +0 dagger; a goblin corpse
g - a +0 dagger
h - a scroll labelled HIELOMPYUT
d - 2 scrolls labelled YVUDOM WIYFER (gained 1)
As you read the scroll labelled YVUDOM WIYFER, it crumbles to dust.
It is a scroll of identify.
f - a scroll of teleportation
As you read the scroll of identify, it crumbles to dust.
h - a scroll of noise A frilled lizard comes into view.
Found 2 silvery potions and a helmet.
Found 15 gold pieces.
You see here 2 silvery potions.
d - 2 silvery potions You miss the frilled lizard.
The frilled lizard bites you.
You die...

..#.###### #~'~~~~.
..#.# #.. #~~~...~ ..#.#
# ##.. #.~#~~~. .....
#.##...## #######~.##~#.
..... ........#
#......†~.~~~. ...
........# #...........##
.$......###...........~.
...[....................
.......@.##..........###
.......l.#...........#
.....................#
.....................#
...........###########
.........#.#
...........#
............
...........#


You could see a frilled lizard.

Vanquished Creatures
  A goblin (D:1)
  A spectral kobold (D:1)
2 creatures vanquished.

Vanquished Creatures (collateral kills)
  A ball python (D:1)
  An endoplasm (D:1)
  A hobgoblin (D:1)
  A frilled lizard (D:1)
  A kobold (D:1)
5 creatures vanquished.

Grand Total: 7 creatures vanquished

Notes
Turn   | Place    | Note
-------+----------+-------------------------------------------
     0 | D:1      | Heoruswealwe the Deep Elf Summoner began the quest for the
                  | Orb.
     0 | D:1      | Reached XP level 1. HP: 10/10 MP: 6/6
   101 | D:1      | Found Runkiump's Assorted Antiques.
   209 | D:1      | Found a faded altar of an unknown god.
   235 | D:1      | Prayed at the altar of an unknown god.
   235 | D:1      | Became a worshipper of Trog the Wrathful
   235 | D:1      | Reached * piety under Trog
   284 | D:1      | Slain by a frilled lizard

Illustrated notes

Levels and vault maps discovered:
D:1:      shiori_shiawase, layout_rooms,
          dreamdust_ecumenical_altar_drowned_temple, serial_shops, shop

Action                   || total
-------------------------++-------
Melee: Dagger            ||    18
 Cast: Summon Small Mamm ||     8
  Use: Scroll            ||     2
Armor: Robe              ||     2
Dodge: Dodged            ||     6
